 Dungeon Crawl Stone Soup version 0.18-a0-1203-gbde16db (webtiles) character file.

151639 Grap the Warrior (level 17, 0/156 HPs)
             Began as a Minotaur Hunter on Feb 1, 2016.
             Was the Champion of Cheibriados.
             Slain by the 27-headed Lernaean hydra (2 damage)
             ... on level 4 of the Swamp.
             The game lasted 02:03:04 (28971 turns).

Grap the Warrior (Minotaur Hunter)                 Turns: 28971, Time: 02:03:04

Health: 0/156      AC: 32    Str: 35    XL:     17   Next: 1%
Magic:  24/24      EV: 26    Int: 27    God:    Cheibriados [******]
Gold:   2708       SH:  4    Dex: 35    Spells: 0 memorised, 16 levels left

rFire  . . .     SeeInvis .     d - +8 lajatang (flame)
rCold  . . .     Gourm    .     Z - +9 plate armour of the Stag {Int+4}
rNeg   . . .     Faith    .     (shield currently unavailable)
rPois  .         Spirit   .     Q - +2 hat
rElec  .         Dismiss  .     E - +0 cloak
rCorr  +         Reflect  +     u - +0 pair of gloves {Dex+3}
SustAt .         Harm     .     (no boots)
MR     +....                    C - +4 amulet of reflection
Stlth  ..........               A - +5 ring of evasion
                                o - ring of resist corrosion

@: very slightly contaminated, very slow, somewhat resistant to hostile
enchantments, extremely unstealthy
A: retaliatory headbutt, fangs 1, horns 2, talons 1, icy blue scales 1, slimy
green scales 1, blink, screaming 1, strong 1
a: Blink, Bend Time, Temporal Distortion, Slouch, Step From Time, Renounce
Religion


You were on level 4 of the Swamp.
You worshipped Cheibriados.
Cheibriados was exalted by your worship.
You were very hungry.

You visited 5 branches of the dungeon, and saw 30 of its levels.
You also visited: Labyrinth and Ice Cave.

You collected 2798 gold pieces.
You spent 90 gold pieces at shops.

Inventory:

Hand Weapons
 d - a +8 lajatang of flaming (weapon)
Missiles
 c - 14 javelins
 j - 5 poisoned tomahawks
 I - 17 tomahawks (quivered)
 J - 2 poisoned javelins
 P - 447 stones
Armour
 u - a +0 pair of gloves of dexterity (worn)
 E - a +0 cloak (worn)
 L - a +0 pair of boots
 Q - a +2 hat (worn)
 Z - the +9 plate armour of the Stag (worn) {Int+4}
   (You found it in an ice cave)

   It affects your intelligence (+4).
Rods
 n - a -2 rod of shadows (13/13)
   (You found it on level 3 of the Swamp)
Jewellery
 a - an uncursed ring of flight
 o - a ring of resist corrosion (left hand)
 v - an uncursed ring of see invisible
 A - a +5 ring of evasion (right hand)
 C - a +4 amulet of reflection (around neck)
 T - an uncursed ring of poison resistance
Wands
 p - a wand of lightning (11/15)
 t - a wand of fireball (11/15)
 w - a wand of disintegration (18/24)
 S - a wand of draining (11/15)
Scrolls
 b - 4 scrolls of fear
 e - 10 scrolls of identify
 f - a scroll of recharging
 h - 4 scrolls of remove curse
 i - a scroll of amnesia
 m - 9 scrolls of teleportation
 D - 2 scrolls of enchant armour
 O - 3 scrolls of magic mapping
 U - 2 scrolls of blinking
Potions
 k - 2 potions of cancellation
 q - a potion of agility
 r - 11 potions of curing
 z - 5 potions of heal wounds
 F - 10 potions of flight
 H - 3 potions of might
 M - 4 potions of lignification
 R - a potion of invisibility
Miscellaneous
 g - a sack of spiders
 s - a lamp of fire
 x - a phantom mirror
 K - a box of beasts
 V - a lantern of shadows
 W - a plain deck of wonders {the Mercenary}
Comestibles
 l - a meat ration
 G - 14 fruits
 N - 3 slices of pizza


   Skills:
 - Level 15.0 Fighting
 - Level 13.9(15.5) Maces & Flails
 - Level 12.2(14.7) Staves
 - Level 11.0 Throwing
 - Level 11.0 Armour
 - Level 11.1 Dodging
 - Level 0.7 Stealth
   Level 9.0 Shields
 - Level 11.8 Invocations
 + Level 9.8 Evocations


You had 16 spell levels left.
You didn't know any spells.

Dungeon Overview and Level Annotations

Branches:
Dungeon (15/15)            Temple (0/1) D:6            Lair (8/8) D:8
  Swamp (4/4) Lair:3       Spider (1/4) Lair:6        Slime (0/6) Lair:7
    Orc (2/2) D:10            Elf (0/3) Orc:2        Vaults (0/5) D:14
 Depths (0/5) D:15

Altars:
Ashenzari
Cheibriados
Dithmenos
Elyvilon
Gozag
Makhleb
Nemelex Xobeh
Sif Muna
Vehumet
Xom
Zin
The Shining One

Shops:
D:4 *   Orc:1 ?   Orc:2 [=**(

Portals:
Trove: D:14 (show slimy rune of Zot)

Annotations:
D:3 leafyfresh's ghost, weakling DrTm
D:6 exclusion: statue
Lair:3 exclusion: oklob plant
Lair:6 exclusion: oklob plant
Swamp:4 Lernaean hydra


Innate Abilities, Weirdness & Mutations

You reflexively headbutt those who attack you in melee.
You have a pair of horns on your head.
You have very sharp teeth.
You have sharp toenails.
You are partially covered in icy blue scales (AC +1).
You are partially covered in slimy green scales (AC +2).
You can translocate small distances at will.
You occasionally shout uncontrollably at your foes.
Your muscles are strong. (Str +2)


Message History

The 27-headed Lernaean hydra completely misses you.
The 27-headed Lernaean hydra bites you but does no damage. x2
The 27-headed Lernaean hydra bites you.
* * * LOW HITPOINT WARNING * * *
The 27-headed Lernaean hydra bites you but does no damage.
The 27-headed Lernaean hydra closely misses you. x2
The 27-headed Lernaean hydra bites you!
* * * LOW HITPOINT WARNING * * *
The 27-headed Lernaean hydra bites you but does no damage.
The 27-headed Lernaean hydra completely misses you.
The 27-headed Lernaean hydra closely misses you.
The 27-headed Lernaean hydra barely misses you.
The 27-headed Lernaean hydra bites you but does no damage.
The 27-headed Lernaean hydra misses you.
The 27-headed Lernaean hydra completely misses you.
The 27-headed Lernaean hydra closely misses you.
The 27-headed Lernaean hydra bites you but does no damage.
The 27-headed Lernaean hydra misses you.
The 27-headed Lernaean hydra bites you.
You die...

♣≈.§≈≈≈.♣♣≈...♣
♣♣.≈≈≈≈≈≈♣♣≈≈≈≈♣
♣.≈≈≈≈.......≈.♣
♣♣♣♣♣♣♣.≈≈≈≈...≈≈≈≈≈≈♣
♣♣.≈.§..≈≈≈≈.♣♣.≈≈≈≈≈≈♣
♣≈≈≈≈≈...≈≈≈.♣≈≈<≈≈≈≈..
♣.≈≈≈≈.≈.≈≈≈♣♣♣♣≈≈≈≈..≈
♣♣....<...[♣♣ ♣♣≈≈≈♣≈.
♣≈≈≈§@D.≈≈.♣♣ ♣ ♣..♣..
♣.≈≈wDD≈≈≈≈.♣§♣ ♣♣♣
♣♣.≈§§k.≈≈≈..♣
♣♣≈≈§.≈≈≈≈.♣♣♣
♣♣♣♣^(≈≈≈....
♣♣(≈≈≈k... ♣≈≈≈§.♣♣♣.
♣≈(≈≈.♣ ♣.(≈≈≈♣


You could see the 27-headed Lernaean hydra, a seven-headed hydra, a six-headed
hydra, a giant leech and 2 swamp drakes.

Vanquished Creatures
  Agnes (D:14)
  2 thorn hunters (Swamp:3)
  Kirke (Lair:8)
  Gastronok (D:8)
  Maud (Lair:8)
  An orc warlord (Orc:2)
  A stone giant (Orc:1)
  An ettin (Orc:1)
  A minotaur (Lab)
  Fannar (Lair:2)
  17 hydras
  A catoblepas (Lair:8)
  Erica (D:8)
  A rakshasa (D:15)
  A death knight (D:13)
  An ogre mage (D:14)
  3 alligators (Swamp:2)
  4 centaur warriors
  A deep troll shaman (Lair:8)
  2 tengu warriors
  9 death yaks
  3 orc high priests
  Nergalle (Lair:1)
  Sonja (Lair:2)
  A giant orange brain (D:15)
  2 unseen horrors
  2 spriggan druids
  5 hill giants
  4 swamp dragons
  A hill giant (shapeshifter) (D:15)
  2 shambling mangroves (Swamp:3)
  A necromancer (IceCv)
  Pikel (D:4)
  A wizard (D:15)
  A deep elf mage (D:14)
  5 griffons
  4 orc knights
  7 ugly things
  A mana viper (shapeshifter) (D:14)
  5 orc sorcerers (Orc:2)
  2 manticores
  A wolf spider (Lair:6)
  4 cyclopes
  A hornet (Swamp:2)
  31 elephants
  Joseph (D:8)
  3 ice statues (IceCv)
  9 black mambas
  22 spiny frogs
  A yaktaur (shapeshifter) (D:15)
  3 kobold demonologists
  2 yaktaurs (D:15)
  5 fire drakes
  20 komodo dragons
  7 ice devils (IceCv)
  A tengu conjurer (D:14)
  10 trolls
  A wolf spider simulacrum (D:12)
  4 two-headed ogres
  5 giant leeches
  2 polar bears
  A jumping spider (Spider:1)
  A boulder beetle (Lair:8)
  2 bog bodies (Swamp:3)
  A harpy skeleton (D:15)
  A two-headed ogre (shapeshifter) (D:14)
  23 slime creatures
  Prince Ribbit (Lair:2)
  6 blink frogs
  2 shadows
  A vampire (D:12)
  13 spriggans
  2 wraiths
  55 yaks
  2 hogs (Lair:8)
  A hippogriff (shapeshifter) (D:15)
  7 hippogriffs
  3 basilisks
  28 wolves
  A steam dragon (D:10)
  14 vampire mosquitoes
  Menkaure (D:7)
  7 hungry ghosts
  A steam dragon (shapeshifter) (D:15)
  11 insubstantial wisps
  7 wargs
  2 mottled dragons
  17 swamp worms
  12 water moccasins
  8 swamp drakes
  9 porcupines
  25 orc warriors
  An eye of draining (D:9)
  2 ice beasts
  5 black bears
  A slave (D:5)
  11 wasps
  A black bear (shapeshifter) (D:15)
  4 sky beasts
  3 phantoms
  9 ogres
  20 crocodiles
  13 centaurs
  A big kobold (D:7)
  19 giant frogs
  A wyvern skeleton (D:13)
  4 scorpions
  A troll zombie (D:10)
  27 killer bees
  11 wights
  7 electric eels
  6 crimson imps
  A wasp zombie (D:12)
  3 draconian simulacra (IceCv)
  5 centaur skeletons
  11 hounds
  3 jellies
  6 centaur zombies
  12 orc priests
  2 giant frog skeletons
  11 iguanas
  19 orc wizards
  3 troll simulacra (IceCv)
  13 worker ants
  4 sheep (D:11)
  7 ogre zombies (D:10)
  2 hound skeletons
  A worker ant zombie (D:11)
  2 naga simulacra (IceCv)
  2 ogre simulacra (IceCv)
  12 adders
  52 river rats
  2 shadow imps
  12 white imps (Lair:5)
  An adder zombie (D:9)
  6 giant geckos
  77 orcs
  9 giant cockroaches
  10 goblins
  9 hobgoblins
  7 jackals
  27 kobolds
  A quokka (D:10)
  A ball python (D:1)
  7 bats
  3 giant newts
  3 goblin zombies (D:10)
  4 hobgoblin skeletons (D:10)
  3 hobgoblin zombies (D:10)
  An orc skeleton (D:10)
  14 orc zombies (D:10)
  A quokka skeleton (D:5)
  A quokka zombie (D:9)
  8 rats
  A butterfly (Lair:8)
1026 creatures vanquished.

Vanquished Creatures (others)
  A yaktaur (D:15)
  3 humans (Lair:8)
  3 briar patches (Swamp:3)
  A bush (Lair:8)
  24 fungi
  20 plants
  9 toadstools (Swamp:3)
61 creatures vanquished.

Grand Total: 1087 creatures vanquished

Notes
Turn   | Place    | Note
--------------------------------------------------------------
     0 | D:1      | Grap the Minotaur Hunter began the quest for the Orb.
     0 | D:1      | Reached XP level 1. HP: 18/18 MP: 0/0
   235 | D:1      | Reached XP level 2. HP: 26/26 MP: 1/1
  1038 | D:1      | Reached XP level 3. HP: 30/33 MP: 2/2
  1732 | D:3      | Reached skill level 5 in Fighting
  1782 | D:3      | Reached XP level 4. HP: 42/42 MP: 3/3
  1836 | D:3      | Noticed a sky beast
  1853 | D:3      | Killed a sky beast
  1853 | D:3      | Reached skill level 6 in Fighting
  1853 | D:3      | Reached XP level 5. HP: 14/51 MP: 4/4
  1857 | D:3      | Gained mutation: Your muscles are strong. (Str +2) [mutagenic meat]
  1858 | D:3      | Gained mutation: You have very sharp teeth. [mutagenic meat]
  1917 | D:3      | Found a faded altar to an unknown god.
  1917 | D:3      | Noticed leafyfresh's ghost (weakling DrTm)
  2218 | D:3      | Reached skill level 7 in Fighting
  2496 | D:3      | Found a deep blue altar of Sif Muna.
  2528 | D:3      | Reached XP level 6. HP: 59/61 MP: 5/5
  2727 | D:4      | Noticed a slave
  2728 | D:4      | Found Hugoid's Humungous Hoard.
  2728 | D:4      | Noticed a slave
  2729 | D:4      | Noticed Pikel
  2729 | D:4      | Noticed a slave
  2740 | D:4      | Noticed a slave
  2790 | D:5      | Entered Level 5 of the Dungeon
  2795 | D:5      | Killed a slave
  2908 | D:4      | HP: 3/61 [Pikel/whip of freezing (6)]
  2908 | D:4      | HP: 1/61 [Pikel/whip of freezing (2)]
  2909 | D:4      | Killed Pikel
  2909 | D:4      | Reached skill level 10 in Fighting
  2909 | D:4      | Reached XP level 7. HP: 1/72 MP: 6/6
  3539 | D:4      | Found a glowing silver altar of Zin.
  3545 | D:4      | Reached skill level 1 in Maces & Flails
  3567 | D:4      | Found a burning altar of Makhleb.
  3569 | D:4      | Found a glowing golden altar of the Shining One.
  3875 | D:5      | Found a shadowy altar of Dithmenos.
  3952 | D:5      | Found a snail-covered altar of Cheibriados.
  4348 | D:5      | Reached XP level 8. HP: 55/79 MP: 7/7
  4668 | D:5      | Became a worshipper of Cheibriados the Contemplative
  4711 | D:6      | Reached skill level 5 in Maces & Flails
  4851 | D:6      | Found a radiant altar of Vehumet.
  4947 | D:6      | Found a staircase to the Ecumenical Temple.
  5257 | D:6      | Found a sparkling altar of Nemelex Xobeh.
  5257 | D:6      | Found an opulent altar of Gozag.
  5379 | D:6      | Found a glowing golden altar of the Shining One.
  5591 | D:7      | Reached * piety under Cheibriados
  5688 | D:7      | Found a white marble altar of Elyvilon.
  5967 | D:7      | Reached XP level 9. HP: 83/85 MP: 8/8
  6279 | D:7      | Noticed Menkaure
  6285 | D:7      | Killed Menkaure
  6285 | D:7      | Reached skill level 10 in Maces & Flails
  6442 | D:7      | Reached ** piety under Cheibriados
  6507 | D:8      | Noticed Joseph
  6523 | D:8      | Killed Joseph
  6525 | D:8      | Reached skill level 11 in Maces & Flails
  6684 | D:8      | Noticed Gastronok
  6717 | D:8      | Killed Gastronok
  6717 | D:8      | Reached skill level 13 in Maces & Flails
  6717 | D:8      | Reached XP level 10. HP: 64/93 MP: 9/9
  6919 | D:8      | Found a staircase to the Lair.
  7015 | D:8      | Noticed Erica
  7025 | D:8      | Killed Erica
  7186 | Lair:1   | Entered Level 1 of the Lair of Beasts
  7186 | Lair:1   | Noticed a spiny frog
  7191 | Lair:1   | Killed a spiny frog
  7192 | Lair:1   | Noticed a spiny frog
  7197 | Lair:1   | Killed a spiny frog
  7197 | Lair:1   | Reached *** piety under Cheibriados
  7245 | Lair:1   | Reached skill level 5 in Dodging
  7249 | Lair:1   | Reached skill level 5 in Shields
  7367 | Lair:1   | Noticed a spiny frog
  7384 | Lair:1   | Killed a spiny frog
  7492 | Lair:1   | Noticed a black mamba
  7501 | Lair:1   | Killed a black mamba
  7519 | Lair:1   | Reached **** piety under Cheibriados
  7664 | Lair:1   | Reached XP level 11. HP: 97/100 MP: 10/10
  7859 | Lair:1   | Noticed Nergalle
  7886 | Lair:1   | Killed Nergalle
  8405 | Lair:2   | Noticed Fannar
  8564 | Lair:2   | Killed Fannar
  8638 | Lair:2   | Identified a scroll of acquirement
  8657 | Lair:2   | Reached ***** piety under Cheibriados
  8713 | Lair:2   | Reached skill level 1 in Staves
  8827 | Lair:2   | Noticed a six-headed hydra
  8843 | Lair:2   | Killed a six-headed hydra
  8845 | Lair:2   | Reached skill level 5 in Staves
  8917 | Lair:2   | Noticed Sonja
  8955 | Lair:2   | Found an opulent altar of Gozag.
  9095 | Lair:2   | Killed Sonja
  9440 | Lair:2   | Reached XP level 12. HP: 58/106 MP: 11/11
  9483 | Lair:2   | Noticed Prince Ribbit
  9490 | Lair:2   | Killed Prince Ribbit
 10260 | Lair:3   | Found a staircase to the Swamp.
 10445 | Lair:3   | Reached skill level 10 in Staves
 10637 | Lair:3   | Noticed a seven-headed hydra
 10641 | Lair:3   | Killed a seven-headed hydra
 10953 | Lair:4   | Found a labyrinth entrance.
 10962 | Lab      | Entered a labyrinth
 11571 | Lab      | Noticed a minotaur
 11576 | Lab      | Killed a minotaur
 11792 | Lair:4   | Reached skill level 1 in Invocations
 11977 | Lair:4   | Reached ****** piety under Cheibriados
 12166 | Lair:4   | Reached skill level 10 in Dodging
 12210 | Lair:4   | Noticed a four-headed hydra
 12218 | Lair:4   | Killed a six-headed hydra
 12652 | Lair:5   | Found a frozen archway.
 12683 | IceCv    | Entered an ice cave
 12698 | IceCv    | Reached XP level 13. HP: 97/113 MP: 15/15
 12862 | IceCv    | Got a fine halberd {chop}
 12866 | IceCv    | Got a crude plate armour
 12877 | IceCv    | Identified the +9 plate armour of the Stag {Int+4} (You found it in an ice cave)
 12914 | IceCv    | Reached skill level 1 in Armour
 13152 | IceCv    | Reached skill level 5 in Invocations
 13510 | Lair:5   | Reached skill level 5 in Armour
 14198 | Lair:6   | Found a hole to the Spider Nest.
 14905 | Lair:7   | Identified the +2 halberd of Impeachment {chop, rN++ Dex-5 SInv} (You took it off a necromancer in an ice cave)
 14990 | Lair:7   | Found a staircase to the Slime Pits.
 15056 | Lair:7   | Found a shattered altar of Ashenzari.
 15153 | Lair:7   | Reached skill level 10 in Armour
 15168 | Lair:7   | Reached XP level 14. HP: 121/121 MP: 18/18
 15719 | Lair:8   | Entered Level 8 of the Lair of Beasts
 15788 | Lair:8   | Noticed Kirke
 15798 | Lair:8   | Killed Kirke
 15960 | Lair:8   | Reached skill level 10 in Invocations
 16013 | Lair:8   | Noticed Maud
 16024 | Lair:8   | Killed Maud
 16521 | Lair:8   | Got a smoking scale mail
 16532 | Lair:8   | Identified the +3 scale mail of Dupu {rPois Int+3} (You found it on level 8 of the Lair of Beasts)
 18128 | D:10     | Entered Level 10 of the Dungeon
 18181 | D:10     | Found a staircase to the Orcish Mines.
 18205 | D:10     | Reached XP level 15. HP: 133/133 MP: 22/22
 18234 | Orc:1    | Entered Level 1 of the Orcish Mines
 18361 | Orc:1    | Found Xauchasa's Magic Scroll Shoppe.
 18372 | Orc:1    | Bought a scroll of enchant weapon for 90 gold pieces
 18847 | Orc:2    | Entered Level 2 of the Orcish Mines
 18847 | Orc:2    | Found Rewnaen's Antique Armour Boutique.
 18852 | Orc:2    | Paralysed by an orc sorcerer for 6 turns
 19541 | Orc:2    | Paralysed by an orc sorcerer for 7 turns
 19882 | Orc:2    | Found a staircase to the Elven Halls.
 20040 | Orc:2    | Found Doxzeyl's Jewellery Shoppe.
 20136 | Orc:2    | Found Vumesic's Assorted Antiques.
 20205 | Orc:2    | Noticed an orc warlord
 20212 | Orc:2    | Killed an orc warlord
 20212 | Orc:2    | Reached skill level 14 in Fighting
 20224 | Orc:2    | Found Vyseiji's General Store.
 20404 | Orc:2    | Found Woameox's Antique Weapon Boutique.
 21510 | D:11     | Reached skill level 15 in Fighting
 22259 | D:12     | Reached skill level 5 in Throwing
 22976 | D:13     | Got a fine blowgun
 22977 | D:13     | Identified the +8 blowgun of the Peculiar Moons {evade, rElec} (You found it on level 13 of the Dungeon)
 23754 | D:14     | Found a portal to a secret trove of treasure.
 23769 | D:14     | Found a gate to the Vaults.
 23920 | D:14     | Noticed Agnes
 23929 | D:14     | Killed Agnes
 23934 | D:14     | Gained mutation: You can translocate small distances at will. [mutagenic meat]
 23935 | D:14     | Gained mutation: You regenerate slowly when monsters are visible. [mutagenic meat]
 23936 | D:14     | Gained mutation: You occasionally shout uncontrollably at your foes. [mutagenic meat]
 23968 | D:14     | Found a shimmering altar of Xom.
 23968 | D:14     | Found a shimmering altar of Xom.
 24064 | D:14     | Gained mutation: You evolve. [mutagenic meat]
 24300 | D:14     | Gained mutation: Your body sometimes deteriorates upon taking damage. [potion of mutation]
 24461 | D:14     | Found a shimmering altar of Xom.
 24461 | D:14     | Found a shimmering altar of Xom.
 24461 | D:14     | Found a shimmering altar of Xom.
 24498 | D:15     | Entered Level 15 of the Dungeon
 24526 | D:15     | Reached XP level 16. HP: 149/149 MP: 23/23
 24650 | D:15     | Reached skill level 10 in Throwing
 24771 | D:15     | Gained mutation: You are partially covered in icy blue scales (AC +1). [mutagenic meat]
 24833 | D:15     | Lost mutation: You regenerate slowly when monsters are visible. [mutagenic meat]
 24834 | D:15     | Gained mutation: You are partially covered in slimy green scales (AC +2). [mutagenic meat]
 24840 | D:15     | Found a staircase to the Depths.
 24978 | D:15     | Gained mutation: You have sharp toenails. [evolution]
 25078 | D:15     | Reached skill level 1 in Evocations
 25145 | D:15     | Found a shimmering altar of Xom.
 25635 | Spider:1 | Entered Level 1 of the Spider Nest
 25792 | Swamp:1  | Entered Level 1 of the Swamp
 26471 | Swamp:1  | Reached skill level 5 in Evocations
 26624 | Swamp:1  | HP: 7/149 [poison (poison gas)]
 26630 | Swamp:1  | HP: 6/149 [poison (poison gas)]
 26636 | Swamp:1  | HP: 6/149 [poison (poison gas)]
 26643 | Swamp:1  | HP: 7/149 [poison (poison gas)]
 26648 | Swamp:1  | HP: 7/149 [poison (poison gas)]
 27605 | Swamp:2  | Lost mutation: Your body sometimes deteriorates upon taking damage. [evolution]
 27605 | Swamp:2  | Lost mutation: You evolve. [end of evolution]
 28058 | Swamp:3  | Noticed a thorn hunter
 28082 | Swamp:3  | Killed a thorn hunter
 28220 | Swamp:3  | Noticed a thorn hunter
 28231 | Swamp:3  | Killed a thorn hunter
 28876 | Swamp:4  | Entered Level 4 of the Swamp
 28950 | Swamp:4  | Reached XP level 17. HP: 130/156 MP: 24/24
 28956 | Swamp:4  | Noticed the 27-headed Lernaean hydra
 28971 | Swamp:4  | HP: 2/156 [the 27-headed Lernaean hydra (7)]
 28971 | Swamp:4  | Slain by the 27-headed Lernaean hydra

Vault maps used:
D:1:      lightli_molten_gateway, dk_noncrumbling_3, st_stairs_5
D:3:      ecumenical_altar_2, led_sif_pool
D:4:      minitemple, nicolae_alphabet_shops, uniq_pikel
D:5:      cheibriados_altar_1, basic_altar, first_bread
D:6:      grunt_temple_overflow_opulence, vehumet_statue,
          minmay_temple_entry_from_below_a, basic_altar
D:7:      kennysheep_kobold_camp, elyvilon_altar_4, uniq_menkaure
D:8:      lair_0_dummy, the_bakery, uniq_gastronok, uniq_erica, uniq_joseph
D:10:     zombieorc2_lemuel
D:11:     minmay_door_square
D:14:     david_vaults_2, hex_tiny, enter_trove_2, xom_shifter_show, uniq_agnes
D:15:     gammafunk_enter_depths_forms, basic_altar
Lair:1:   grunt_megastairs_3, uniq_nergalle
Lair:2:   basic_altar, cheibrodos_lair_caveside_slide,
          nicolae_quartered_pool_super, serial_bayou_pond_b,
          uniq_prince_ribbit2, uniq_fannar, uniq_sonja
Lair:3:   dpeg_oklob_gauntlet, swamp_mist, serial_bayou, serial_bayou_ford_a,
          serial_bayou_pond_d, serial_bayou_lake_a, serial_bayou_lagoon_b,
          infiniplex_staircase_pool
Lair:4:   lab_entry_generic, roderic_lost_polar_bear
Lair:5:   portal_ice_cave_entry_imps, beast_lair_carwin_7, lemuel_fruit_tree
Lair:6:   spider_nest_entry_web_field
Lair:7:   minmay_slime_entry_pillars, basic_altar
Lair:8:   grunt_lair_end_beastmaster, infiniplex_staircase_pool_2,
          lemuel_fruit_fields, uniq_kirke, uniq_maud
Swamp:1:  evilmike_swamp_ruin_house_3
Swamp:2:  hangedman_swamp_blocks
Swamp:3:  cheibrodos_swamp_tower_of_moss, hangedman_swamp_pad, swamp_pool3
Swamp:4:  swamp_alternative
Orc:1:    serial_shops, nicolae_shop_temple_entry_statues_fountains
Orc:2:    grunt_orc_gardens, grunt_orc_garden, grunt_orc_garden,
          grunt_orc_garden, grunt_orc_garden, serial_shops, shop
Lab:      nicolae_lab_garden
IceCv:    ice_cave_tombish

Action                   |  1- 3 |  4- 6 |  7- 9 | 10-12 | 13-15 | 16-18 || total
-------------------------+-------+-------+-------+-------+-------+-------++-------
Melee: Short sword       |    23 |       |       |       |       |       ||    23
       Whip              |    70 |    72 |   208 |   316 |       |       ||   666
       Lajatang          |       |       |       |   139 |   987 |   323 ||  1449
       Unarmed           |       |       |       |       |       |    30 ||    30
Throw: Javelin           |       |       |     5 |    15 |    24 |     4 ||    48
       Throwing net      |       |       |     1 |     1 |       |       ||     2
       Stone             |       |       |       |    21 |     2 |       ||    23
       Tomahawk          |       |       |       |       |       |    13 ||    13
Invok: Bend Time         |       |       |       |     3 |     1 |     1 ||     5
       Slouch            |       |       |       |       |     3 |     2 ||     5
Evoke: Wand              |       |       |       |     4 |     6 |       ||    10
       Phantom mirror    |       |       |       |     1 |       |       ||     1
  Use: Scroll            |       |       |    16 |    15 |    17 |     4 ||    52
       Potion            |       |       |       |     1 |     2 |     3 ||     6
 Stab: Held in net/web   |       |       |     2 |     1 |       |       ||     3
       Sleeping          |       |       |       |    11 |     4 |       ||    15
  Eat: Chunk             |     3 |     6 |     9 |     4 |    19 |     9 ||    50
       Fruit             |       |       |     3 |    13 |       |       ||    16
       Beef jerky        |       |       |       |     1 |     2 |     3 ||     6
       Meat ration       |       |       |       |     1 |       |       ||     1
       Bread ration      |       |       |       |       |     1 |       ||     1
       Royal jelly       |       |       |       |       |     1 |       ||     1
       Pizza             |       |       |       |       |     1 |       ||     1
